Map: Dusk Towers

Players

MythiC - Winner!

  • Race: Terran Terran
  • League: Grandmaster

IlIlIlIlIlIl

  • Race: Terran Terran
  • League: Master

VOD

Have the link to the VOD?

Description

Time

  • Played on: April 30, 2016, 5:13 p.m.
  • Length: 7:30
Show
View Real Time Build Order
Export as new Build Order

MythiC Terran - Winner!

Build Orders: 1/1/1, Banshee Rush 

Get SALT Encoding   

  12  0:00  SCV  
  13  0:13  SCV  
  14  0:17  Supply Depot  
  14  0:25  SCV  
  14  0:27  Refinery  
  15  0:39  SCV  
  16  0:45  Barracks  
  16  0:51  SCV  
  17  1:03  SCV  
  18  1:18  SCV  
  19  1:31  Orbital Command  
  19  1:32  Factory, Marine  
  19  1:34  Supply Depot  
  19  1:39  Refinery  
  20  1:50  Marine  
  21  1:57  SCV  
  22  2:08  Marine  
  22  2:09  SCV  
  24  2:17  Starport, Hellion  
  24  2:21  SCV  
  27  2:23  Supply Depot  
  27  2:26  Marine  
  28  2:34  SCV  
  29  2:38  Widow Mine  
  31  2:46  SCV  
  31  2:50  Marine  
  33  2:55  Medivac  
  33  2:56  Supply Depot  
  33  2:58  SCV  
  36  3:07  Marine  
  37  3:18  Factory Tech Lab  
  37  3:24  SCV  
  38  3:28  Command Center  
  36  3:38  Barracks Reactor  
  36  3:40  SCV  
  37  3:43  Cloaking Field, Factory Tech Lab, Banshee  
  37  3:48  Supply Depot  
  40  4:02  SCV  
  44  4:12  Siege Tank  
  38  4:27  Marine x2, Banshee  
  41  4:32  SCV  
  41  4:35  Command Center  
  42  4:41  Orbital Command  
  42  4:45  Marine  
  42  4:49  Marine  
  44  4:54  Siege Tank  
  44  4:57  SCV  
  48  5:03  Marine  
  48  5:06  Marine  
  50  5:08  SCV  
  50  5:09  SCV  
  52  5:20  SCV  
  52  5:21  Marine, SCV  
  53  5:24  Marine  
  53  5:25  Banshee  
  59  5:31  Siege Tank  
  59  5:33  SCV  
  59  5:34  SCV  
  61  5:42  Marine  
  61  5:43  Marine  
  61  5:45  SCV  
  61  5:46  SCV  
  65  5:55  Orbital Command  
  65  5:56  Barracks  
  65  5:57  Barracks, SCV  
  65  5:58  SCV  
  67  6:07  Siege Tank  
  67  6:09  SCV  
  67  6:10  SCV  
  72  6:21  SCV  
  72  6:22  SCV  
  74  6:28  Refinery x2  
  74  6:29  Barracks  
  74  6:30  Barracks  
  74  6:32  Engineering Bay  
  74  6:33  Marine  
  74  6:34  Viking  
  74  6:37  Viking  
  74  6:38  Engineering Bay  
  79  6:44  Barracks Reactor  
  79  6:45  Barracks Reactor  
  79  6:52  SCV  
  80  6:56  SCV  
  80  6:57  Marine  
  85  7:15  Supply Depot x2  
Show
View Real Time Build Order
Export as new Build Order

IlIlIlIlIlIl Terran 

Build Orders: Reaper Expand, MMM Bio 

Get SALT Encoding   

  12  0:04  SCV  
  13  0:16  SCV  
  13  0:20  Supply Depot  
  14  0:28  SCV  
  15  0:41  SCV  
  15  0:42  Barracks  
  16  0:47  Refinery  
  16  0:54  SCV  
  17  1:06  SCV  
  18  1:18  SCV  
  19  1:31  Reaper  
  19  1:32  Orbital Command  
  20  1:46  Command Center  
  20  1:53  Supply Depot  
  20  1:58  SCV  
  21  2:03  Marine  
  22  2:10  SCV  
  22  2:13  Barracks  
  23  2:19  Refinery  
  23  2:22  Barracks Reactor  
  23  2:25  SCV  
  24  2:32  Factory  
  24  2:37  SCV  
  25  2:49  SCV  
  25  2:56  Bunker  
  25  2:58  Orbital Command  
  25  3:00  Marine  
  25  3:01  Marine, SCV  
  25  3:03  Barracks Tech Lab  
  28  3:18  SCV  
  28  3:19  Marine x2  
  30  3:20  Factory Tech Lab  
  30  3:23  Combat Shields  
  30  3:25  SCV  
  31  3:31  Marine  
  31  3:32  SCV  
  33  3:38  Cyclone  
  33  3:40  SCV  
  37  3:45  Engineering Bay  
  37  3:46  SCV  
  38  3:49  Marine  
  38  3:51  Marine  
  40  4:01  Marine  
  38  4:07  SCV  
  37  4:20  Marine x2  
  34  4:28  Marine  
  34  4:29  SCV  
  36  4:37  Starport, SCV  
  37  4:38  Marine  
  37  4:43  SCV, Factory Reactor  
  37  4:45  Marine  
  39  4:47  Refinery  
  39  4:49  SCV  
  39  4:51  Marine  
  42  4:55  SCV  
  42  4:56  Supply Depot  
  43  5:01  SCV  
  43  5:03  Marine x2, Stimpack  
  44  5:16  Missile Turret x2  
  43  5:25  Marine x3  
  45  5:31  SCV  
  44  5:39  SCV  
  45  5:42  Marine x2  
  45  5:43  SCV  
  45  5:48  Medivac  
  50  5:50  Medivac  
  50  6:01  Marine x3  
  49  6:07  SCV  
  49  6:09  SCV  
  49  6:19  Marine x2  
  49  6:21  Marine  
  52  6:29  Missile Turret  
  52  6:36  Supply Depot  
  52  6:44  Marine x2  
  52  6:45  Supply Depot  
  54  6:55  Missile Turret  
  54  6:57  Marine  
  56  7:03  Marine x2  
Tags
 
Add a new tag
Caveats
  • Supply blocks, unpowered buildings, or Contaminate may cause inaccurate times.
  • Supply counts are checked every 10 seconds.